 Dungeon Crawl Stone Soup version 0.30-b1-2-g02819fbbbe (webtiles) character file.

Game seed: 7027477655037384828

118 Alarkh the Shooter (level 4, 0/32 HPs)
             Began as a Demonspawn Hexslinger on July 7, 2023.
             Slain by Natasha (5 damage)
             ... on level 2 of the Dungeon.
             The game lasted 00:01:45 (1299 turns).

Alarkh the Shooter (Demonspawn Hexslinger)          Turns: 1299, Time: 00:01:46

Health: 0/32       AC:  4    Str: 10    XL:     4   Next: 72%
Magic:  5/5        EV: 12    Int: 17    God:
Gold:   127        SH:  0    Dex: 13    Spells: 4/5 levels left

rFire   . . .        a - +1 sling
rCold   . . .        (no shield)
rNeg    . . .        c - +0 robe
rPois   .            (no helmet)
rElec   .            (no cloak)
rCorr   .            (no gloves)
SInv    .            e - +0 pair of boots
Will    .....        (no amulet)
Stlth   +            (no ring)
HPRegen 0.25/turn    (no ring)
MPRegen 0.09/turn

%: no passive effects
@: no status effects
A: rugged brown scales 1, weakness stinger 1
a: no special abilities


You were on level 2 of the Dungeon.
You visited 1 branch of the dungeon, and saw 3 of its levels.

You collected 127 gold pieces.

Inventory:

Hand Weapons
 a - a +1 sling (weapon)
 b - a +0 dagger of speed
Armour
 c - a +0 robe (worn)
 e - a +0 pair of boots (worn)
Scrolls
 f - a scroll of teleportation {unknown}
 g - 2 scrolls of fog
 i - 2 scrolls of immolation
 k - a scroll of poison
Potions
 d - 2 potions of lignification {unknown}
 j - a potion of curing
 l - a potion of heal wounds {unknown}


   Skills:
 - Level 1.0 Fighting
 + Level 4.5 Ranged Weapons
 - Level 1.7 Dodging
 - Level 1.0 Spellcasting
 - Level 3.0 Hexes


You had 4 spell levels left.
You knew the following spells:

 Your Spells              Type           Power      Damage    Failure   Level
a - Slow                  Hex            44%        N/A       6%          1

Your spell library contained the following spells:

 Spells                   Type           Power      Damage    Failure   Level
 Blink                    Tloc           0%         N/A       32%         2
 Inner Flame              Hex/Fire       5%         N/A       34%         3
 Portal Projectile        Hex/Tloc       10%        N/A       34%         3
 Cause Fear               Hex            5%         N/A       52%         4
 Manifold Assault         Tloc           0%         N/A       91%         4
 Storm Form               Tmut/Air       0%         N/A       100%        7


Dungeon Overview and Level Annotations

Branches:
Dungeon (3/15)

Altars:

Shops:
D:1 ??

Annotations:
D:2 1 runed translucent door, Crazy Yiuf, Natasha


Innate Abilities, Weirdness & Mutations

You are partially covered in rugged brown scales. (AC +1, +3% HP)
You have a small tail.


Message History

Natasha is heavily wounded.
Natasha mumbles some strange words.
Natasha shimmers violently.
Natasha claws you. x2
You shoot a sling bullet.
The sling bullet closely misses Natasha.
Natasha claws you! Natasha claws you but does no damage.
You are too injured to fight recklessly!
You shoot a sling bullet. The sling bullet hits Natasha.
Natasha is almost dead.
Natasha claws you but does no damage. x2
You shoot a sling bullet. The sling bullet misses Natasha.
Natasha claws you.
You shoot a sling bullet. The sling bullet barely misses Natasha.
Natasha extends her claws.
Natasha claws you but does no damage.
Natasha stares at you and mumbles some strange words.
You resist with some effort.
You shoot a sling bullet. The sling bullet barely misses Natasha.
Natasha claws you.
* * * LOW HITPOINT WARNING * * *
Natasha casts a spell at you. The magic dart hits you!
* * * LOW HITPOINT WARNING * * *
You are confused.
You feel invigorated.
You feel yourself speed up.
Natasha wildly gestures.
Natasha shimmers violently.
Natasha casts a spell at you. The magic dart hits you.
* * * LOW HITPOINT WARNING * * *
You feel better.
You feel less invigorated. Natasha casts a spell at you.
The magic dart hits you!
You shoot a sling bullet. The sling bullet barely misses Natasha.
Natasha stares at you and mumbles some strange words.
The magic dart hits you.
* * * LOW HITPOINT WARNING * * *
Natasha claws you.
You die...

#### ########....###'''###
#.... (......'...##.......#
#....§##.#####..##..#...#..
#§..h.§h^#####.##..#.#.#.#.
#$.....#...#..##..#...#...#
####.#.#.#.#.##..#.#.#.#.#.
#.###.#.###..#...#.#.#..
#.....h.##..#.#(#.#.#.#.
#####..@##.#...#...#...#
###..'..#.#.#.#.#.#.
#..'...#.#.#.#.#.#
#..'..#.#.#.#.#.#.
#.##.#...#...#...#
#.##..#.#.#.#.#.#.
#.###..#)..#.#.#.. #.#
##..#.#.#.#.#. #.#
##..#...#...#


You could see Natasha.

Vanquished Creatures
  Jessica (D:2)
  Natasha (D:2)
  4 adders (D:2)
  A worm (D:2)
  2 dart slugs (D:2)
  2 ball pythons
  5 endoplasms
  A giant cockroach (D:2)
  2 goblins
  A hobgoblin (D:1)
  2 quokkas
  2 bats
  A frilled lizard (D:2)
  2 kobolds
  2 rats
29 creatures vanquished.

Notes
Turn   | Place    | Note
-------+----------+-------------------------------------------
     0 | D:1      | Alarkh the Demonspawn Hexslinger began the quest for the
                  | Orb.
     0 | D:1      | Reached XP level 1. HP: 15/15 MP: 2/2
   196 | D:1      | Reached skill level 2 in Ranged Weapons
   273 | D:1      | Found Feump's Magic Scroll Emporium.
   458 | D:1      | Found Duewoloh's Magic Scroll Shoppe.
   637 | D:2      | Gained mutation: You have a small tail. [demonic ancestry]
   637 | D:2      | Reached XP level 2. HP: 21/21 MP: 3/3
   698 | D:2      | Reached skill level 3 in Ranged Weapons
   720 | D:2      | Gained mutation: You are partially covered in rugged brown
                  | scales. (AC +1, +3% HP) [demonic ancestry]
   720 | D:2      | Reached XP level 3. HP: 21/26 MP: 4/4
   775 | D:2      | Noticed Natasha
   787 | D:2      | Killed Natasha
   827 | D:2      | Reached skill level 4 in Ranged Weapons
   827 | D:2      | Reached XP level 4. HP: 27/32 MP: 5/5
   970 | D:2      | Found a runed translucent door.
   971 | D:2      | Noticed Crazy Yiuf
  1082 | D:2      | Found a faded altar of an unknown god.
  1146 | D:2      | Noticed Jessica
  1149 | D:2      | Killed Jessica
  1242 | D:2      | Noticed Natasha
  1296 | D:2      | HP: 1/32 [Natasha/magic dart (7)]
  1299 | D:2      | Slain by Natasha

Illustrated notes

Levels and vault maps discovered:
D:1:      scummos_arrival_gate, layout_basic, serial_shops,
          nicolae_shop_rolled_up, nicolae_shop_just_a_little_nook,
          minmay_misc_feat_room, minmay_pentomino_s4
D:2:      minmay_angry_zag, layout_basic, hellmonk_ecumenical_altar_blasted,
          kennysheep_cluttered_room, uniq_crazy_yiuf_cottage, uniq_natasha,
          uniq_jessica
D:3:      layout_loops_ring, mainiacjoe_overflow_tiny_flanked,
          gammafunk_ghost_grave

Skill      XL: |  1  2  3 |
---------------+----------+-----
Ranged Weapons | 2 3 4 |  4.5
Fighting       | |  1.0
Dodging        | |  1.7
Spellcasting   | |  1.0
Hexes          | |  3.0

Action                     |  1- 3 |  4- 6 || total
---------------------------+-------+-------++-------
  Melee: Dagger            |     5 |    27 ||    32
         Tailslap          |     2 |     3 ||     5
   Fire: Sling             |    69 |    35 ||   104
    Use: Scroll            |       |     3 ||     3
         Potion            |       |     2 ||     2
   Stab: Sleeping          |       |     1 ||     1
 Armour: Robe              |    11 |    16 ||    27
  Dodge: Dodged            |    26 |    21 ||    47
